Unix NetHack Version 5.0.0-0 post-release - last build May 17 2026 04:57:42 (dc50c8380fa5e20985bfe3072449f57b8d9895ef,branch:main).

Game began 2026-05-20 16:06:42, ended 2026-05-20 17:15:32.

DaveT, lawful male human Priest

                                         -------
                                         |..|..-----
                          ----------------.......`.|
                          |.^^^^^^^^^^^.^.@-.`.|...|
                          |+------------.`...-`---.|
                          |.........|  --.|.`...`..|
                          |.........|   |.--.`----.|
                          |.........|   |..|..`..`.|
                          |.........|   |-``...`.`.|
                          |....<....|   |..`|...|%.|
                          |.........|   |.-.-----`.|
                          |.........|   |..........|
                          |.........|   -------->/--
                          -----------          ----

DaveT the Adept              St:17 Dx:12 Co:16 In:14 Wi:18 Ch:8  Lawful
Dlvl:4  $:0  HP:0(62) Pw:119(119) AC:-1 Xp:9 T:12319  Satiated

Latest messages:
 a - a blessed +1 mace (weapon in left hand).
 What do you want to wear? [cgw or ?*] ?
 You are now wearing a robe.
 What do you want to wear? [cw or ?*] w
 You finish your dressing maneuver.
 What do you want to wear? [c or ?*] c
 You are now wearing a small shield.
 With great effort you move the boulder.
 With great effort you move the boulder.
 You kill the newt!
 What do you want to eat? [eoyD or ?*] D
 You begin eating a partly eaten food ration.
 You finish eating the food ration.
 What do you want to use or apply? [kqvGHOPWY or ?*] k
 You put a scroll labeled YUM YUM into the bag.
 You put a scroll called earth into the bag.
 What do you want to drop? [acegi-ko-rt-wyEGHOPTVWYZ or ?*] v
 You drop a wand of fire.
 With great effort you move the boulder.
 With great effort you move the boulder.
 The owlbear hits!
 The owlbear misses!
 The owlbear misses!
 The owlbear hits!
 You hit the owlbear!
 The owlbear hits!
 The owlbear hits again!
 The owlbear grabs you!
 You hit the owlbear!
 The owlbear hits!
 The owlbear hits again!
 You are being crushed.
 You hit the owlbear!
 The owlbear hits!
 The owlbear just misses!
 You are being crushed.
 You hit the owlbear!
 The owlbear just misses!
 The owlbear hits!
 You are being crushed.
 You kill the owlbear!
 You see here an owlbear corpse.
 There is an owlbear corpse here; eat it? [ynq] (n) y
 This owlbear corpse tastes okay.
 You're having a hard time getting all of it down.
 Continue eating? [yn] (n) y
 You choke over your food.
 You die...
 Do you want your possessions identified? [ynq] (y) y
 Do you want to see your attributes? [ynq] (y) q

Inventory:
 Weapons  (')')
  E - 22 +0 darts
  T - a +0 orcish dagger
  V - the +0 Demonbane
  H - a +0 dwarvish mattock
  a - a blessed +1 mace (weapon in left hand)
 Armor    ('[')
  Z - a blessed +2 orcish helm (being worn)
  r - a blessed +1 orcish helm
  w - a blessed +1 pair of low boots (being worn)
  c - a blessed +3 small shield (being worn)
  g - a +0 robe (being worn)
 Comestibles  ('%')
  e - a clove of garlic
  o - 3 food rations
  y - a lizard corpse
 Rings    ('=')
  p - a cursed -1 ring of gain constitution
  u - a +1 ring of gain strength
  t - a cursed ring of hunger
  i - a ring of poison resistance
  j - a ring of searching
 Wands    ('/')
  Y - a blessed wand of digging (0:7)
  O - a wand of light (0:14)
  W - a wand of stasis (0:5)
  q - a wand of striking (0:0)
 Tools    ('(')
  k - a bag of holding containing 25 items
  G - a credit card
 Gems/Stones  ('*')
  P - a touchstone

Contents of the bag of holding:
  3549 gold pieces
  2 blessed scrolls of blank paper
  7 scrolls of blank paper
  a cursed scroll of blank paper
  a scroll of confuse monster
  a cursed scroll of confuse monster
  2 scrolls of earth
  a scroll of food detection
  a scroll of remove curse
  a potion of booze
  a potion of extra healing
  a potion of fruit juice
  a cursed potion of fruit juice
  a potion of gain energy
  2 cursed potions of gain energy
  a potion of healing
  a potion of invisibility
  3 potions of object detection
  a potion of sickness
  a potion of speed
  5 potions of holy water
  a wand of create monster (0:13)
  a wand of create monster (0:0)
  a wand of speed monster (0:0)
  an agate stone

DaveT the Priest's attributes:

Background:
 You were an Adept, a level 9 human Priest.
 You were lawful, on a mission for Quetzalcoatl
 who was opposed by Camaxtli (neutral) and Huhetotl (chaotic).
 You were left-handed.
 You were in Sokoban, on level 4.
 You entered the dungeon 12319 turns ago.
 You had 4109 experience points, 1011 more were needed to attain level 10.

Basics:
 You had 0 out of 62 hit points.
 You had all 119 energy points (spell power).
 Your armor class was -1.
 Your wallet was empty, but
 you had 3549 zorkmids stashed away in your pack.
 Autopickup was off.

Final Characteristics:
 Your strength was 17 (limit:18/100).
 Your dexterity was 12 (limit:18).
 Your constitution was 16 (limit:18).
 Your intelligence was 14 (limit:18).
 Your wisdom was 18 (limit:18).
 Your charisma was 8 (limit:18).

Final Status:
 You were satiated.
 You were unencumbered.
 You were wielding a mace.
 You had expert skill with mace.

Final Attributes:
 You were piously aligned.
 You were fire resistant.
 You were sleep resistant.
 You were shock resistant.
 You were telepathic.
 You aggravated monsters.
 You were guarded.
 Your spell casting was enhanced by wearing a robe.
 You were unlucky.
 You are dead.

Miscellaneous:
 You didn't encounter any bones levels.
 Total elapsed playing time was 1 hour, 8 minutes and 49 seconds.

Major events:
 Turn
    1: DaveT the lawful human Priest entered the dungeon
  619: entered the Gnomish Mines
  631: attained the rank of Acolyte (level 3)
 2339: attained the rank of Adept (level 6)
 3480: reached Mine Town
 9961: was bestowed with Demonbane by Quetzalcoatl
11376: entered Sokoban
11793: completed 1st Sokoban level
12319: choked on an owlbear corpse

Spells:
 Name                 Level Category     Fail Retention
 detect monsters        1   divination     0%   26%-50%
 healing                1   healing        0%   26%-50%
 haste self             3   escape        64%  76%-100%
 detect treasure        4   divination    94%  76%-100%
 magic missile          2   attack         0%  76%-100%

Skills:
 Fighting Skills
   bare handed combat [Unskilled]
 Weapon Skills
   club               [Unskilled]
   mace               [Expert]
   morning star       [Unskilled]
   flail              [Unskilled]
   hammer             [Unskilled]
   quarterstaff       [Unskilled]
   polearms           [Unskilled]
   spear              [Unskilled]
   trident            [Unskilled]
   lance              [Unskilled]
   bow                [Unskilled]
   sling              [Unskilled]
   crossbow           [Unskilled]
   dart               [Unskilled]
   shuriken           [Unskilled]
   boomerang          [Unskilled]
   unicorn horn       [Unskilled]
 Spellcasting Skills
   healing spells     [Unskilled]
   divination spells  [Unskilled]
   clerical spells    [Basic]

Voluntary challenges:
 Character rerolling was not enabled.
 You never genocided any monsters.
 You never polymorphed an object.
 You used no wishes.
 You did not violate any of the special Sokoban rules.
Achievements:
 You entered the Gnomish Mines.
 You attained the rank of Acolyte.
 You entered a shop.
 You attained the rank of Adept.
 You entered Minetown.
 You entered Sokoban.

 The Dungeons of Doom: levels 1 to 6
    Level 1:
    Level 2:
       Stairs down to The Gnomish Mines.
    Level 3:
       An altar to Quetzalcoatl.
    Level 4: "empty vault"
       A general store, a fountain, a sink, a grave.
    Level 5:
       Many fountains.
    Level 6:
       Stairs up to Sokoban, level 5.
 The Gnomish Mines: levels 3 to 6
    Level 3:
    Level 4:
    Level 5:
       Many shops, an altar to Quetzalcoatl, some fountains, some trees.
    Level 6:
 Sokoban: levels 5 up to 4
    Level 4: <- You were here.
       Unsolved.
       Final resting place for
          you, choked on an owlbear corpse.
    Level 5:
       Solved.


Vanquished creatures:
  a warg
  a winter wolf
  2 small mimics
  3 giant beetles
  3 quivering blobs
  9 wolves
  a panther
  5 leprechauns
 an ice vortex
  2 brown puddings
 an owlbear
  a werewolf
  a lizard
  a dog
  a jaguar
  a dust vortex
  3 ravens
  a human zombie
  2 Woodland-elves
  2 bugbears
  2 imps
  a water nymph
  2 mountain nymphs
 15 Mordor orcs
  9 Uruk-hai
 an orc shaman
  5 rock piercers
  3 rock moles
  3 ponies
  a fog cloud
  3 yellow lights
  a shrieker
  7 gnome leaders
  3 gnomish wizards
  a golden naga hatchling
  2 gray oozes
  2 elf zombies
  a ghoul
  3 straw golems
  a paper golem
 12 giant ants
  2 little dogs
  3 floating eyes
  a kitten
  2 dwarves
  2 homunculi
  a kobold shaman
 19 hill orcs
  7 rothes
  2 rabid rats
  3 centipedes
  4 giant bats
  a monkey
 an orc zombie
 11 dwarf zombies
  a wererat
  2 werejackals
  9 iguanas
  4 acid blobs
  5 coyotes
  a gas spore
  2 hobbits
  2 manes
  3 large kobolds
  8 hobgoblins
  6 giant rats
  6 cave spiders
  a brown mold
  2 yellow molds
  a green mold
 31 gnomes
  6 garter snakes
  a gnome zombie
 12 geckos
  4 jackals
  4 foxes
  6 kobolds
  6 goblins
  a sewer rat
 20 grid bugs
  3 bats
  8 lichens
  a kobold zombie
 14 newts
349 creatures vanquished.

No species were genocided or became extinct.

Game over:
                       ----------
                      /          \
                     /    REST    \
                    /      IN      \
                   /     PEACE      \
                  /                  \
                  |      DaveT       |
                  |     3549 Au      |
                  |   choked on an   |
                  |  owlbear corpse  |
                  |                  |
                  |                  |
                  |       2026       |
                 *|     *  *  *      | *
        _________)/\\_//(\/(/\)/\//\/|_)_______

Goodbye DaveT the Priest...

You choked in Sokoban on dungeon level 4 with 19951 points,
and 3549 pieces of gold, after 12319 moves.
You were level 9 with a maximum of 62 hit points when you choked.

